Map: Alcyone LE

Players

我是神

  • Race: Protoss Protoss
  • Spawn Location: 1:00

A.I. 1 (Very Easy) - Winner!

  • Race: Terran Terran
  • Spawn Location: 7:00

VOD

Have the link to the VOD?

Description

Time

  • Played on: Dec. 1, 2024, 8:54 a.m.
  • Length: 7:45
Show
View Real Time Build Order
Export as new Build Order

我是神 Protoss 

Build Orders: 1 Gate Expand, Blink Stalkers 

Get SALT Encoding   

  12  0:00  Probe  
  13  0:12  Probe  
  14  0:18  Pylon  
  14  0:24  Probe  
  15  0:32  Probe  
  15  0:38  Gateway  
  15  0:40  Probe  
  16  0:48  Assimilator  
  17  0:51  Probe  
  18  1:03  Probe  
  19  1:16  Probe  
  20  1:26  Cybernetics Core  
  20  1:28  Probe  
  21  1:40  Nexus  
  21  1:45  Probe  
  22  1:51  Pylon  
  22  1:56  Probe  
  22  1:58  Assimilator  
  23  2:02  Sentry  
  23  2:05  Probe  
  26  2:17  Probe  
  27  2:27  Twilight Council  
  27  2:29  Probe  
  28  2:32  Stalker  
  30  2:41  Probe  
  31  2:50  Probe  
  31  2:51  Warp Gate  
  31  2:53  Blink, Probe  
  33  2:58  Probe  
  33  3:04  Shield Battery  
  34  3:06  Probe  
  34  3:07  Probe  
  36  3:18  Stalker, Probe  
  36  3:19  Probe  
  40  3:30  Assimilator, Probe  
  40  3:31  Probe  
  40  3:33  Gateway  
  42  3:36  Gateway  
  42  3:42  Probe  
  42  3:43  Probe  
  44  3:50  Stalker  
  46  3:57  Pylon  
  46  4:15  Probe x2  
  48  4:18  Assimilator  
  48  4:25  Pylon  
  48  4:27  Probe x2  
  50  4:39  Stalker, Probe x2  
  50  4:43  Stalker  
  50  4:44  Stalker  
  58  4:45  Nexus  
  58  4:51  Stargate, Probe x2  
  60  4:56  Robotics Facility  
  60  4:58  Forge  
  60  5:04  Probe x2  
  60  5:06  Pylon  
  62  5:24  Probe x2  
  62  5:25  Stalker x3  
  70  5:36  Fleet Beacon  
  70  5:38  Protoss Ground Weapons Level 1  
  70  5:45  Pylon  
  70  5:55  Probe x2  
  70  5:57  Observer, Probe  
  70  5:58  Charge  
  70  6:03  Probe x2  
  74  6:05  Probe  
  74  6:08  Stalker  
  74  6:09  Stalker x2  
  83  6:11  Probe  
  83  6:12  Probe  
  83  6:14  Probe  
  83  6:18  Stargate  
  86  6:20  Tempest  
  90  6:32  Pylon  
  90  6:33  Pylon  
  90  6:36  Probe x2  
  90  6:37  Probe  
  93  6:41  Assimilator  
  93  6:43  Assimilator  
  93  6:51  Immortal  
  93  6:52  Probe x2  
  93  6:53  Probe  
  100  6:56  Pylon  
  100  7:01  Tempest  
  108  7:13  Nexus  
  108  7:16  Shield Battery  
  108  7:18  Shield Battery, Probe x3  
  108  7:20  Photon Cannon  
  111  7:38  Gateway  
  111  7:39  Gateway  
Show
View Real Time Build Order
Export as new Build Order

A.I. 1 (Very Easy) Terran - Winner!

Build Orders: Reaper Expand 

Get SALT Encoding   

  12  0:00  SCV  
  13  0:13  SCV  
  14  0:18  Supply Depot  
  14  0:42  Barracks  
  14  1:02  Command Center  
  14  1:32  Orbital Command, Marine, Supply Depot  
  15  1:37  Refinery  
  15  1:47  Refinery  
  15  1:57  SCV  
  16  2:09  SCV  
  16  2:15  SCV  
  18  2:16  Reaper  
  18  2:22  SCV  
  20  2:29  SCV  
  21  2:37  SCV  
  22  2:40  Refinery  
  22  2:44  SCV  
  23  2:51  SCV  
  24  2:58  SCV, Marine  
  25  3:05  SCV  
  27  3:12  SCV, Factory  
  28  3:33  Refinery  
  28  3:35  SCV  
  29  3:41  Marine  
  29  3:43  SCV  
  31  3:50  SCV  
  31  3:53  Supply Depot  
  32  3:57  SCV  
  32  3:58  Starport  
  33  4:04  SCV  
  34  4:11  SCV  
  35  4:18  SCV  
  36  4:24  Marine  
  36  4:26  SCV  
  38  4:33  SCV  
  38  4:36  Starport Tech Lab, Supply Depot  
  39  4:40  SCV  
  40  4:47  SCV  
  41  4:55  SCV  
  41  4:56  Raven  
  44  5:02  SCV  
  45  5:07  Marine  
  45  5:09  SCV  
  47  5:16  SCV  
  48  5:30  Raven  
  50  5:50  Reaper  
  51  6:22  Barracks Tech Lab  
  51  6:40  Marauder  
Tags
 
Add a new tag
Caveats
  • Supply blocks, unpowered buildings, or Contaminate may cause inaccurate times.
  • Supply counts are checked every 10 seconds.